 Dungeon Crawl Stone Soup version 0.27-a0-797-g27d10ad80f (webtiles) character file.

Game seed: 2736167902971346076

317 dickylongcocking the Cutter (level 6, -1/43 HPs)
             Began as a Djinni Gladiator on Mar 27, 2021.
             Slain by a centaur skeleton (3 damage)
             ... on level 4 of the Dungeon.
             The game lasted 00:05:25 (6046 turns).

dickylongcocking the Cutter (Djinni Gladiator)      Turns: 6046, Time: 00:05:26

Health: -1/43      AC:  4    Str: 13    XL:     6   Next: 45%
Gold:   120        EV: 12    Int: 11    God:
                   SH:  4    Dex: 15

rFire    + + .     SeeInvis +   g - +0 dagger (drain)
rCold    x . .     Faith    .   n - +0 buckler
rNeg     . . .     Spirit   .   b - +0 leather armour
rPois    ∞         Reflect  .   c - +0 helmet
rElec    .         Harm     .   (no cloak)
rCorr    .         Rampage  .   (no gloves)
Will     .....                  (boots unavailable)
Stlth    ++........             (no amulet)
HPRegen  0.14/turn              f - ring of see invisible
MPRegen  0.00/turn              (no ring)

@: flying
A: fire resistance 2, cold vulnerability 1, float, innate caster, hp casting,
extra vitality 1, MP-powered wands
a: no special abilities


You were on level 4 of the Dungeon.
You visited 1 branch of the dungeon, and saw 5 of its levels.

You collected 120 gold pieces.

Inventory:

Hand Weapons
 a - a +0 long sword
 e - a +2 short sword of flaming
 g - a +0 dagger of draining (weapon)
Missiles
 d - 3 throwing nets (quivered)
Armour
 b - a +0 leather armour (worn)
 c - a +0 helmet (worn)
 n - a +0 buckler (worn)
Jewellery
 f - a ring of see invisible (left hand)
Wands
 i - a wand of iceblast (6)
Scrolls
 h - a scroll of summoning {unknown}
 j - a scroll of fog {unknown}
 k - a scroll of identify {unknown}
 l - 2 scrolls of magic mapping {unknown}
 m - 4 scrolls of enchant weapon {unknown}
 o - 2 scrolls of teleportation {unknown}
 p - 3 scrolls of enchant armour {unknown}


   Skills:
 - Level 2.0 Fighting
 * Level 4.2(4.7) Short Blades
 - Level 2.9(4.0) Long Blades
 - Level 1.7 Throwing
 - Level 3.4 Dodging
 - Level 2.7 Stealth
 * Level 0.8 Shields
 * Level 0.5 Spellcasting


You had 3 spell levels left.
You knew the following spells:

 Your Spells              Type           Power      Damage    Failure   Level
a - Sting                 Tmut/Pois      4%         1d3       47%         1
b - Call Imp              Summ           1%         N/A       63%         2
Your spell library was empty.

Dungeon Overview and Level Annotations

Branches:
Dungeon (5/15)
 Temple: D:4-7

Altars:
Cheibriados
Uskayaw

Shops:
D:2 **!

Annotations:
D:3 2 transporters, stormannn's ghost, amateur DjWz


Innate Abilities, Weirdness & Mutations

You are immune to poison.
Your flesh is very heat resistant. (rF++)
You are vulnerable to cold. (rC-)
You float through the air rather than walking.
You learn spells naturally, not from books.
Your magical power is your life essence.
You have superior vitality. (+4 HP)
You expend health (3 HP) to strengthen your wands.


Message History

The centaur skeleton is heavily damaged.
The goblin barely misses you. The centaur skeleton hits you.
* * * LOW HITPOINT WARNING * * *
The centaur skeleton kicks you but does no damage.
You hit the centaur skeleton.
The centaur skeleton is heavily damaged.
The centaur skeleton hits you.
* * * LOW HITPOINT WARNING * * *
The centaur skeleton kicks you but does no damage.
The goblin hits you with a +0 club.
* * * LOW HITPOINT WARNING * * *
You hit the centaur skeleton.
The centaur skeleton is severely damaged.
You block the centaur skeleton's attack.
The centaur skeleton kicks you but does no damage.
The goblin hits you with a +0 club.
* * * LOW HITPOINT WARNING * * *
Unknown command.
You hit the centaur skeleton.
The centaur skeleton is almost destroyed.
The centaur skeleton closely misses you.
The centaur skeleton barely misses you. The goblin barely misses you.
Unknown command.
You hit the centaur skeleton.
The centaur skeleton is almost destroyed.
The centaur skeleton barely misses you. The centaur skeleton misses you.
The goblin hits you with a +0 club.
* * * LOW HITPOINT WARNING * * *
You hit the centaur skeleton but do no damage.
The centaur skeleton is almost destroyed.
The centaur skeleton closely misses you.
You block the centaur skeleton's attack.
You hit the centaur skeleton.
The centaur skeleton is almost destroyed.
You block the centaur skeleton's attack.
The centaur skeleton kicks you but does no damage.
The goblin hits you with a +0 club.
* * * LOW HITPOINT WARNING * * *
The centaur skeleton hits you.
You die...

#.# #.# ########.### ..
...........# K.##
........:..# #..#
...........# ..######
.....!.....# ?.......
...........####...#
..........(.g@Z...#####
...........####........
...........# #...######
...........# ###...#...
.# ...........#
#.....#.# #.#
.....#######
#.......#... #####
#.......#.##
#.........( ##......#.#


You could see a goblin and a centaur skeleton.

Vanquished Creatures
  2 scorpions
  Ijyb (D:2)
  4 gnolls (D:3)
  7 adders
  5 worms
  A dart slug (D:1)
  An orc (D:4)
  5 ball pythons
  7 endoplasms
  3 giant cockroaches
  8 goblins
  3 hobgoblins
  9 jackals
  7 kobolds
  3 quokkas
  4 bats
  4 frilled lizards (D:1)
  4 rats
78 creatures vanquished.

Notes
Turn   | Place    | Note
-------+----------+-------------------------------------------
     0 | D:1      | dickylongcocking the Djinni Gladiator began the quest for
                  | the Orb.
     0 | D:1      | Reached XP level 1. HP: 18/18 MP: 0/0
   485 | D:1      | Reached XP level 2. HP: 23/23 MP: 0/0
   661 | D:1      | Reached skill level 1 in Short Blades
   892 | D:1      | Reached XP level 3. HP: 21/28 MP: 0/0
   892 | D:1      | Learned a level 1 spell: Sting
  1650 | D:2      | Found a hide-covered altar of Uskayaw.
  1667 | D:2      | Reached skill level 1 in Stealth
  1670 | D:2      | Found a snail-covered altar of Cheibriados.
  1681 | D:2      | Reached skill level 2 in Short Blades
  1699 | D:2      | Found Saitworph's Distillery.
  2126 | D:2      | Reached XP level 4. HP: 27/33 MP: 0/0
  2367 | D:2      | Noticed Ijyb
  2390 | D:2      | Killed Ijyb
  2721 | D:2      | Reached skill level 3 in Short Blades
  2768 | D:2      | Found Hyxitigh's General Store.
  2808 | D:2      | Reached XP level 5. HP: 35/38 MP: 0/0
  2808 | D:2      | Learned a level 2 spell: Call Imp
  3012 | D:2      | Found Kutiogogi's Assorted Antiques.
  3161 | D:3      | Found a transporter.
  3161 | D:3      | Noticed stormannn's ghost (amateur DjWz)
  3838 | D:3      | Gained mutation: You expend health (3 HP) to strengthen
                  | your wands. [potion of mutation]
  3840 | D:3      | Reached skill level 4 in Short Blades
  3840 | D:3      | Reached XP level 6. HP: 6/43 MP: 0/0
  4246 | D:3      | Found a transporter.
  5463 | D:5      | Entered Level 5 of the Dungeon
  6046 | D:4      | HP: 2/43 [goblin/+0 club (2)]
  6046 | D:4      | Slain by a centaur skeleton

Illustrated notes

Levels and vault maps discovered:
D:1:      minmay_arrival_stair_chambers, layout_loops_cross, serial_glass,
          glass_columns_b, glass_columns_a, glass_columns_a, glass_columns_a,
          glass_columns_a, glass_columns_a, glass_columns_a, glass_columns_a
D:2:      kennysheep_the_goblin_king, layout_rooms, cheibriados_altar_1,
          general_overflow_altar, serial_shops, shop, shop_fountains, shop
D:3:      layout_rooms, gammafunk_ghost_mausoleum
D:4:      layout_basic, vehumet_altar_wand_db, tgw_trog, uniq_crazy_yiuf_cottage
D:5:      layout_basic, lightli_sewer_entry_pipes, gammafunk_ghost_grave

Skill      XL: |  1  2  3  4  5 |
---------------+----------------+-----
Short Blades   | 1 2 3 4 |  4.2
Stealth        | 1 2 |  2.7
Fighting       | |  2.0
Long Blades    | |  2.9
Throwing       | |  1.7
Dodging        | |  3.4
Shields        | |  0.8
Spellcasting   | |  0.5

Action                   |  1- 3 |  4- 6 || total
-------------------------+-------+-------++-------
Melee: Long sword        |    14 |       ||    14
       Short sword       |    21 |       ||    21
       Dagger            |    95 |   188 ||   283
 Cast: Sting             |     9 |    16 ||    25
       Call Imp          |       |     2 ||     2
Evoke: Wand              |       |     2 ||     2
  Use: Potion            |       |     4 ||     4
 Stab: Sleeping          |     1 |     2 ||     3
Armor: Leather armour    |    55 |    62 ||   117
Dodge: Dodged            |    85 |   162 ||   247
Block: Buckler           |       |    13 ||    13
       Rpst.: Long sword |     2 |       ||     2

Table legend: (Time is in decaauts)
 A = Elapsed time spent in this place.
 B = Non-inter-level travel time spent in this place.
 C = Inter-level travel time spent in this place.
 D = Time resting spent in this place.
 E = Time spent auto-exploring this place.
 F = Levels seen in this place.
 G = Mean time per level.
                   A        B        C        D        E       F      G
               +--------+--------+--------+--------+--------+-----+--------+
         Total |   5986 |   5897 |     89 |   2125 |   2855 |   5 | 1197.2 |
       Dungeon |   5986 |   5897 |     89 |   2125 |   2855 |   5 | 1197.2 |
               +--------+--------+--------+--------+--------+-----+--------+

Top non-repeatable levels by time:
     D:2: 2114 daAuts
     D:1: 1546 daAuts
     D:3: 1527 daAuts
     D:4: 487 daAuts
     D:5: 310 daAuts
